Map: Ephemeron LE

Players

BackupK (Gerald) - Winner!

  • Race: Protoss Protoss
  • Spawn Location: 11:00

starkiller

  • Race: Zerg Zerg
  • Spawn Location: 5:00

VOD

Have the link to the VOD?

Description

Time

  • Played on: Sept. 6, 2019, 5:43 p.m.
  • Length: 11:38
Show
View Real Time Build Order
Export as new Build Order

BackupK Protoss - Winner!

Build Orders:  

Get SALT Encoding   

  12  0:00  Probe  
  13  0:12  Probe  
  14  0:19  Pylon  
  14  0:24  Probe  
  14  0:28  Assimilator  
  15  0:34  Probe  
  15  0:42  Probe  
  16  0:44  Gateway  
  17  0:51  Probe  
  18  1:04  Probe  
  19  1:16  Probe  
  20  1:20  Pylon  
  20  1:33  Cybernetics Core, Zealot  
  20  1:35  Pylon  
  20  1:36  Assimilator  
  20  1:37  Probe  
  23  2:00  Adept  
  24  2:03  Nexus  
  24  2:04  Probe  
  25  2:21  Robotics Facility  
  25  2:31  Warp Gate  
  25  2:33  Gateway  
  25  2:39  Probe  
  25  2:51  Probe  
  25  2:52  Adept  
  25  2:57  Gateway  
  28  3:05  Immortal  
  28  3:17  Probe  
  33  3:29  Probe x2  
  35  3:41  Probe x2  
  35  3:45  Immortal  
  37  3:53  Probe  
  42  4:05  Gateway  
  42  4:15  Shield Battery, Gateway  
  42  4:16  Probe  
  43  4:21  Adept  
  39  4:26  Adept  
  41  4:43  Sentry  
  41  4:55  Probe  
  41  4:57  Probe  
  43  5:03  Sentry  
  43  5:06  Pylon  
  45  5:08  Shield Battery  
  45  5:30  Nexus  
  45  5:37  Pylon  
  45  5:45  Warp Prism  
  45  5:48  Pylon  
  47  5:59  Pylon  
  47  6:06  Probe  
  48  6:16  Stalker  
  50  6:18  Probe  
  49  6:28  Immortal  
  49  6:31  Probe  
  52  6:37  Twilight Council  
  52  6:42  Shield Battery  
  54  6:49  Stalker  
  54  6:53  Stargate, Probe  
  55  6:55  Probe  
  55  6:58  Sentry  
  58  7:05  Probe  
  58  7:07  Probe  
  60  7:10  Gateway  
  60  7:17  Probe  
  60  7:20  Probe  
  60  7:21  Charge  
  62  7:29  Probe  
  63  7:32  Probe  
  63  7:34  Assimilator  
  64  7:37  Assimilator  
  64  7:38  Pylon  
  64  7:41  Probe  
  64  7:42  Pylon  
  65  7:47  Stalker x2  
  69  7:52  Probe  
  69  7:55  Dark Shrine  
  69  7:57  Probe  
  71  8:11  Probe  
  72  8:16  Zealot  
  72  8:17  Zealot x3  
  81  8:20  Probe  
  81  8:23  Probe  
  78  8:34  Oracle  
  76  8:42  Probe  
  76  8:43  Probe  
  79  8:54  Probe  
  80  9:01  Gateway  
  81  9:02  Gateway  
  81  9:04  Pylon  
  81  9:05  Gateway  
  81  9:06  Gateway, Pylon  
  81  9:08  Pylon  
  80  9:12  Dark Templar  
  80  9:13  Dark Templar  
  80  9:15  Dark Templar  
  86  9:28  Pylon  
  84  10:02  Dark Templar x4  
  92  10:12  Dark Templar  
  92  10:13  Zealot x3  
  98  10:14  Archon x2  
  92  10:23  Forge  
  92  10:25  Archon  
  92  10:26  Phoenix  
  92  10:28  Zealot x3  
  92  10:30  Nexus  
  92  10:31  Pylon  
  92  10:35  Pylon  
  100  10:41  Pylon  
  100  10:52  Pylon  
  100  10:59  Probe  
  100  11:02  Probe  
  102  11:08  Stalker x3  
  102  11:09  Stalker  
  102  11:10  Stalker x2  
  114  11:11  Probe  
  114  11:13  Zealot  
  117  11:36  Zealot x5  
Show
View Real Time Build Order
Export as new Build Order

starkiller Zerg 

Build Orders: Pool First 

Get SALT Encoding   

  12  0:00  Drone  
  13  0:07  Drone  
  14  0:14  Drone, Extractor  
  15  0:21  Overlord  
  15  0:37  Spawning Pool  
  15  0:40  Drone  
  15  0:44  Drone  
  15  0:48  Drone  
  17  0:54  Drone, Extractor  
  17  1:23  Zergling x2  
  17  1:24  Zergling x2  
  19  1:28  Zergling x2  
  19  1:31  Hatchery  
  21  1:45  Overlord  
  21  1:55  Zergling x2  
  22  2:04  Lair  
  20  2:11  Zergling x4  
  22  2:21  Extractor, Zergling x2  
  22  2:32  Zergling x2  
  23  2:42  Metabolic Boost  
  23  2:45  Zergling x4  
  25  3:02  Zergling x2  
  25  3:03  Zergling x4  
  28  3:13  Nydus Network  
  28  3:19  Zergling x4  
  29  3:28  Zergling x6  
  32  3:37  Zergling x2  
  32  3:38  Overlord  
  33  3:53  Nydus Canal  
  33  4:06  Zergling x8  
  33  4:07  Nydus Canal, Zergling x2  
  38  4:15  Zergling x2  
  38  4:22  Zergling x4  
  31  4:45  Zergling x8  
  28  4:54  Zergling x4  
  28  5:03  Nydus Canal  
  28  5:05  Zergling x4  
  30  5:12  Drone  
  31  5:14  Drone  
  28  5:22  Drone  
  28  5:24  Drone  
  30  5:33  Baneling Nest  
  29  5:44  Drone x2  
  29  5:46  Drone  
  29  5:47  Zergling x2  
  33  5:55  Zergling x2, Queen  
  36  6:14  Drone x3  
  36  6:16  Drone  
  40  6:24  Drone  
  39  6:34  Zergling x4  
  39  6:38  Queen  
  39  6:39  Drone  
  44  6:51  Overlord  
  44  6:54  Baneling  
  44  6:55  Baneling x6  
  44  7:00  Overlord  
  44  7:05  Hatchery  
  44  7:07  Drone  
  44  7:12  Drone x3  
  47  7:21  Drone x3  
  50  7:23  Drone  
  50  7:28  Drone  
  52  7:31  Evolution Chamber  
  52  7:33  Drone  
  52  7:39  Drone x3  
  52  7:42  Drone  
  56  7:44  Drone  
  57  7:53  Drone x2  
  57  7:57  Pneumatized Carapace  
  58  8:09  Zergling x2  
  58  8:10  Zergling x6  
  59  8:15  Zergling x2  
  59  8:18  Overlord  
  60  8:20  Zergling x6  
  60  8:27  Zergling x2  
  60  8:28  Zergling x2  
  60  8:29  Queen x2  
  60  8:30  Zergling x2, Zerg Melee Weapons Level 1  
  64  8:39  Zergling x2  
  64  8:40  Zergling x4  
  61  8:43  Drone  
  59  8:59  Drone x3  
  59  9:02  Extractor  
  61  9:04  Zergling x6  
  64  9:11  Zergling x4  
  64  9:12  Queen  
  64  9:14  Baneling x7  
  64  9:15  Baneling  
  68  9:21  Overlord  
  68  9:22  Zergling x4  
  70  9:25  Zergling x2  
  70  9:32  Overseer  
  54  9:57  Zergling x2  
  54  9:58  Zergling x12  
  57  10:00  Zergling x2  
  57  10:04  Baneling x5  
  57  10:05  Baneling x2  
  55  10:14  Drone x2  
  54  10:29  Zergling x4  
  54  10:33  Zergling x4  
  58  10:41  Zergling x2  
  59  10:43  Zergling x2  
  60  10:52  Zergling x2  
  60  10:56  Baneling x6  
  61  10:58  Zergling x2  
  62  11:05  Zergling x8  
  66  11:17  Zergling x4  
  55  11:37  Hatchery  
Tags
 
Add a new tag
Caveats
  • Supply blocks, unpowered buildings, or Contaminate may cause inaccurate times.
  • Supply counts are checked every 10 seconds.